 Dungeon Crawl Stone Soup version 0.11.0-24-g666f47c (console) character file.

182 OneEyedJack the Ruinous (level 5, 0/28 HPs)
             Began as a Kobold Conjurer on Oct 27, 2012.
             Killed from afar by Ijyb (4 damage)
             ... on Level 2 of the Dungeon on Oct 28, 2012.
             The game lasted 00:03:26 (3118 turns).

OneEyedJack the Ruinous (Kobold Conjurer)           Turns: 3118, Time: 00:03:26

HP   0/28        AC  2     Str  7      XL: 5   Next:  0%
MP   0/8         EV 15     Int 14      God:
Gold 84          SH  0     Dex 16      Spells:  2 memorised,  2 levels left

Res.Fire  : . . .   See Invis. : .   d - +0 dagger
Res.Cold  : . . .   Warding    : .   a - +0 robe
Life Prot.: . . .   Conserve   : .   (no shield)
Res.Poison: .       Res.Corr.  : .   (no helmet)
Res.Elec. : .       Clarity    : .   (no cloak)
Sust.Abil.: . .     Spirit.Shd : .   (no gloves)
Res.Mut.  : .       Stasis     : .   (no boots)
Res.Rott. : .       Ctrl.Telep.: .   (no amulet)
Saprovore : + + .   Levitation : .   (no ring) Ctrl.Flight: .
                                     (no ring)

@: slightly resistant to hostile enchantments, stealthy
A: disease resistance, carnivore 3, saprovore 2
a: no special abilities


You were on level 2 of the Dungeon.
You were full.

You visited 1 branch of the dungeon, and saw 2 of its levels.

You collected 64 gold pieces.


Innate Abilities, Weirdness & Mutations

You recuperate from illness quickly.
You are small and have problems with some larger weapons.
You are carnivorous and can eat meat at any time.
You can eat rotten meat.


   Skills:
 - Level 2.4 Dodging
 - Level 2.7 Stealth
 - Level 1.0 Spellcasting
 + Level 4.7 Conjurations
 + Level 1.9 Air Magic
 + Level 1.5 Poison Magic


You had 2 spell levels left.
You knew the following spells:

 Your Spells              Type           Power        Failure   Level  Hunger
c - Mephitic Cloud        Conj/Pois/Air  ##.......    24%         3    ####...
z - Magic Dart            Conj           ###..        3%          1    ##.....

Inventory:

Hand weapons
 d - a +0,+0 dagger (weapon)
Missiles
 s - 6 curare-tipped needles
Armour
 a - a +0 robe (worn)
 q - a cursed +0 cloak
 u - a +0 cloak
Comestibles
 b - 2 meat rations
Scrolls
 e - 2 scrolls of random uselessness {unknown}
 f - a scroll of enchant weapon I {unknown}
 g - a scroll of fear {unknown}
 h - a scroll of magic mapping {unknown}
 i - 2 scrolls of identify {unknown}
 o - a scroll of noise {unknown}
 p - a scroll of enchant weapon II {unknown}
 r - 2 scrolls of remove curse {unknown}
Potions
 j - a potion of invisibility {unknown}
 k - 2 potions of confusion {unknown}
 l - a potion of resistance {unknown}
 m - 2 potions of magic {unknown}
 n - a potion of degeneration {unknown}
 t - a potion of curing {unknown}
Books
 c - a book of Conjurations

   Spells                             Type                      Level
   *Magic Dart                        Conjuration                  1
   Throw Frost                        Conjuration/Ice              2
   *Mephitic Cloud                    Conjuration/Poison/Air       3
   Lightning Bolt                     Conjuration/Air              5
   Bolt of Cold                       Conjuration/Ice              6
   Freezing Cloud                     Conjuration/Ice/Air          6

▒·········▒
▒··········▒
▒······>·g▒
▒▒▒········▒
▒·········▒
▒········▒▒▒▒▒▒
▒·········▒
▒▒▒▒·········▒·
▒·········▒
▒·········▒·
▒·········▒
▒·······%·▒·
▒▒▒▒▒·········▒▒▒▒▒▒
▒·········▒·
··············g····▒
▒·········▒·
·▒▒▒▒▒▒▒▒▒▒▒·)··K··▒
▒·········▒· ·▒
▒·······▒ ▒·········▒·
·▒▒▒▒▒▒
▒····)··▒▒▒·········▒▒
······▒
▒·······▒▒·········▒▒
······▒
▒·······▒▒·········▒
······▒
▒··················▒
······▒▒
▒·······▒▒·········▒
·······▒
▒·······▒▒·········▒
·······▒
▒▒·▒▒▒▒▒▒▒·········▒


You could see Ijyb.


Message History

Ijyb is moderately wounded.
Ijyb hits you with a short sword.
* * * LOW HITPOINT WARNING * * *
You barely miss Ijyb.
Ijyb is moderately wounded.
Ijyb hits you with a short sword.
* * * LOW HITPOINT WARNING * * *
You closely miss Ijyb.
Ijyb is moderately wounded.
Ijyb completely misses you.
You hit Ijyb.
Ijyb is heavily wounded.
Ijyb completely misses you.
You hit Ijyb but do no damage.
Ijyb is heavily wounded.
Ijyb hits you with a short sword.
* * * LOW HITPOINT WARNING * * *
You are too injured to fight blindly!
You are too injured to fight blindly!
Aiming: Magic Dart
Aim: Ijyb, wielding a short sword (heavily wounded)
The magic dart hits Ijyb.
Ijyb is heavily wounded.
Ijyb barely misses you.
You don't have enough magic to cast that spell.
Ijyb throws an exploding dart.
The exploding dart hits you!
* * * LOW HITPOINT WARNING * * *
The exploding dart explodes!
The explosion of exploding dart fragments engulfs you!
You die...

Action                   |  1- 3 |  4- 6 || total
-------------------------+-------+-------++-------
Melee: Dagger            |    38 |    43 ||    81
 Cast: Magic Dart        |    67 |    43 ||   110
       Mephitic Cloud    |       |     2 ||     2

Vault maps used:
D:1:      eino_entry_water_cross
D:2:      minmay_misc_feat_hallway, yredelemnul_altar_generic, uniq_iyjb,
          uniq_crazy_yiuf_cottage

Notes
Turn   | Place    | Note
--------------------------------------------------------------
     0 | D:1      | OneEyedJack, the Kobold Conjurer, began the quest for the Orb.
     0 | D:1      | Reached XP level 1. HP: 10/10 MP: 3/3
   426 | D:1      | Reached skill level 4 in Conjurations
   426 | D:1      | Reached XP level 2. HP: 13/15 MP: 2/4
   800 | D:1      | Reached XP level 3. HP: 16/19 MP: 3/5
   847 | D:1      | Learned a level 3 spell: Mephitic Cloud
  1425 | D:2      | Reached XP level 4. HP: 24/24 MP: 2/7
  1470 | D:2      | Found a basalt altar of Yredelemnul.
  1520 | D:2      | Noticed Ijyb
  1523 | D:2      | Reached skill level 1 in Poison Magic
  1865 | D:2      | Reached skill level 1 in Air Magic
  2145 | D:2      | HP: 2/24 [Ijyb (3)]
  2508 | D:2      | Noticed Crazy Yiuf
  2636 | D:2      | Killed Crazy Yiuf
  2788 | D:2      | Reached XP level 5. HP: 18/28 MP: 8/8
  3118 | D:2      | Killed from afar by Ijyb

Vanquished Creatures
  Crazy Yiuf (D:2)
  2 adders (D:2)
  A giant gecko (D:2)
  An ooze (D:1)
  5 bats (D:1)
  A giant cockroach (D:1)
  7 goblins
  6 hobgoblins
  5 jackals
  4 kobolds (D:1)
  2 ball pythons (D:2)
  3 giant newts
  9 rats
47 creatures vanquished.

Vanquished Creatures (others)
  A kobold (D:2)
1 creature vanquished.

Grand Total: 48 creatures vanquished
